 Dungeon Crawl Stone Soup version 0.25-b1-23-ge2ad7d536c (webtiles) character file.

Game seed: 15802898628078248049, levelgen mode: deterministic

6897 grindst0ne the Slicer (level 11, 0/72 HPs)
             Began as a Kobold Berserker on June 3, 2020.
             Was a High Priest of Trog.
             Splashed by a jelly's acid (6 damage)
             ... on level 10 of the Dungeon.
             The game lasted 00:18:39 (10284 turns).

grindst0ne the Slicer (Kobold Berserker)           Turns: 10284, Time: 00:18:40

Health: 0/72       AC: -11   Str: 18    XL:     11   Next: 27%
Magic:  11/11      EV: 20    Int:  7    God:    Trog [*****.]
Gold:   760        SH:  0    Dex: 20    Spells: 10/10 levels left

rFire    + . .     SeeInvis .   m - +3 dagger "Estoqoewiu" {freeze, rF+ rC+ rN+ Int-2}
rCold    + . .     Gourm    .   (shield restricted)
rNeg     + . .     Faith    .   J - +0 chain mail
rPois    .         Spirit   .   y - +1 hat
rElec    .         Reflect  .   t - +0 cloak
rCorr    .         Harm     .   (no gloves)
MR       ++...                  (no boots)
Stlth    ..........             O - amulet of magic regeneration
HPRegen  1.22/turn              h - +4 ring of evasion
MPRegen  0.37/turn              u - +6 ring of dexterity

@: corroded, regenerating
A: small, carnivore
a: Berserk, Trog's Hand, Brothers in Arms, Renounce Religion


You were on level 10 of the Dungeon.
You worshipped Trog.
Trog was extremely pleased with you.
You were completely stuffed.

You visited 1 branch of the dungeon, and saw 10 of its levels.
You also visited: Ossuary.

You collected 760 gold pieces.

Inventory:

Hand Weapons
 m - the +3 dagger "Estoqoewiu" (weapon) {freeze, rF+ rC+ rN+ Int-2}
   (You found it on level 4 of the Dungeon)

   It has been specially enchanted to freeze those struck by it, causing extra
   injury to most foes and up to half again as much damage against particularly
   susceptible opponents.
   It can also slow down cold-blooded creatures.
   It affects your intelligence (-2).
   It protects you from fire.
   It protects you from cold.
   It protects you from negative energy.
 G - a +2 falchion of electrocution
Missiles
 a - 2 silver boomerangs
 H - 3 throwing nets (quivered)
Armour
 t - a +0 cloak (worn)
 y - a +1 hat (worn)
 J - a +0 chain mail (worn)
Jewellery
 h - a +4 ring of evasion (left hand)
 u - a +6 ring of dexterity (right hand)
 z - an uncursed ring of protection from magic {unknown}
 E - an uncursed ring of poison resistance {unknown}
 L - an uncursed ring of see invisible {unknown}
 N - an uncursed ring of flight {unknown}
 O - an amulet of magic regeneration (around neck)
Wands
 n - a wand of digging (6)
 C - a wand of flame (25)
 F - a wand of disintegration (8)
 Q - a wand of paralysis (7)
 R - a wand of polymorph (8)
Scrolls
 b - 6 scrolls of immolation
 e - 8 scrolls of teleportation
 f - 6 scrolls of blinking
 g - 2 scrolls of magic mapping {unknown}
 j - 8 scrolls of remove curse
 k - 3 scrolls of noise {unknown}
 o - 2 scrolls of amnesia {unknown}
 s - 2 scrolls of enchant armour {unknown}
 v - 3 scrolls of fear {unknown}
 A - 5 scrolls of random uselessness {unknown}
 B - a scroll of fog {unknown}
 P - a scroll of enchant weapon {unknown}
 T - a scroll of identify
Potions
 d - a potion of stabbing
 i - 2 potions of haste
 l - 3 potions of curing
 p - 2 potions of berserk rage
 q - 2 potions of flight
 r - 2 potions of heal wounds
 w - 2 potions of brilliance
 x - a potion of ambrosia
 D - 2 potions of lignification {unknown}
 I - a potion of cancellation {unknown}
 K - 3 potions of mutation
 M - 5 potions of degeneration {unknown}
Comestibles
 c - 18 rations
 S - 3 chunks of flesh


   Skills:
 + Level 9.9 Fighting
 + Level 11.5 Short Blades
 + Level 6.7 Armour
 + Level 10.4 Dodging


You had 10 spell levels left.
You didn't know any spells.
Your spell library was empty.

Dungeon Overview and Level Annotations

Branches:
Dungeon (10/15)            Temple (0/1) D:6             Orc (0/2) D:10
Ossuary (visited)
   Lair: D:8-11

Altars:
Ashenzari
Cheibriados
Elyvilon
Gozag
Hepliaklqana
Makhleb
Nemelex Xobeh
Okawaru
Qazlal
Ru
Vehumet
Xom

Shops:
D:5 }   D:10 [

Annotations:
D:6 exclusion: oklob plant
D:7 1 transporter, exclusion: downstairs, Killmatronix's ghost, novice DEFi


Innate Abilities, Weirdness & Mutations

You are small and have problems with some larger weapons.
You are carnivorous and can eat meat at any time.


Message History

The jelly misses you.
You completely miss the jelly. You hit the jelly but do no damage.
Your hands burn!
The jelly misses you.
Your chain mail prevents you from hitting the jelly.
You hit the jelly but do no damage. The acid corrodes you!
Your hands burn!
The jelly hits you.
You are splashed with acid!
You hit the jelly but do no damage. The acid corrodes you!
Your hands burn!
You hit the jelly. You freeze the jelly.
Your hands burn!
* * * LOW HITPOINT WARNING * * *
The jelly is moderately wounded.
The jelly hits you.
* * * LOW HITPOINT WARNING * * *
The acid corrodes you!
You are splashed with acid!
* * * LOW HITPOINT WARNING * * *
Your skin crawls.
You feel resistant to hostile enchantments.
You feel quite a bit less full. The jelly hits you.
* * * LOW HITPOINT WARNING * * *
The acid corrodes you!
You are splashed with acid.
You die...

..o.... ...∩.).
.....$. #. ...>...
#. ....... #.
.......
#.######.....$.
#...J@).....$..
#...)[[........
.#####.#...##.......
.........#......##..
J#####.#...###..# .
#...#.## ..<.
#......# .###.
........# .#
.##......#


You could see a jelly.

Vanquished Creatures
  Harold (D:7)
  A two-headed ogre (D:8)
  A slime creature (D:9)
  Grinder (D:5)
  Prince Ribbit (D:6)
  2 hippogriffs
  A wyvern (D:9)
  Menkaure (D:5)
  5 orc warriors
  An ice beast (D:8)
  5 sky beasts
  3 ogres
  2 black bears
  An eye of draining (D:9)
  A phantom (D:6)
  3 centaurs
  A big kobold (D:8)
  Blork the orc (D:6)
  8 bullfrogs
  A wyvern zombie (D:6)
  3 wights (D:8)
  4 killer bees (D:7)
  A howler monkey (D:5)
  2 crimson imps
  A centaur zombie (Ossuary)
  A quasit (D:9)
  6 orc priests
  An iron imp (D:9)
  3 hounds
  Crazy Yiuf (D:6)
  4 human zombies (Ossuary)
  A bullfrog skeleton (D:8)
  3 jellies
  4 orc wizards
  Jessica (D:2)
  2 iguanas
  5 worker ants
  Natasha (thrice) (D:2)
  A big kobold zombie (Ossuary)
  A hound zombie (D:5)
  5 mummies
  A howler monkey zombie (D:7)
  4 gnolls
  12 adders
  4 shadow imps
  An adder skeleton (D:6)
  An adder zombie (D:5)
  6 worms
  A dart slug (D:1)
  3 leopard geckos
  41 orcs
  2 ball pythons (D:5)
  4 bats
  7 giant cockroaches
  A gnoll zombie (Ossuary)
  6 goblins
  5 hobgoblins
  5 jackals
  A quokka (D:8)
  6 frilled lizards
  A hobgoblin zombie (D:7)
  A jackal skeleton (D:6)
  9 kobolds
  A kobold zombie (Ossuary)
  An orc zombie (D:7)
  9 rats
227 creatures vanquished.

Vanquished Creatures (others)
  A plant (D:5)
1 creature vanquished.

Grand Total: 228 creatures vanquished

Notes
Turn   | Place    | Note
-------+----------+-------------------------------------------
     0 | D:1      | grindst0ne the Kobold Berserker began the quest for the
                  | Orb.
     0 | D:1      | Reached XP level 1. HP: 14/14 MP: 1/1
    67 | D:1      | Reached XP level 2. HP: 19/19 MP: 2/2
   225 | D:1      | Reached XP level 3. HP: 24/24 MP: 3/3
  1184 | D:2      | Reached ** piety under Trog
  1274 | D:2      | Noticed Natasha
  1287 | D:2      | Killed Natasha
  1287 | D:2      | Reached skill level 5 in Short Blades
  1287 | D:2      | Reached XP level 4. HP: 29/29 MP: 4/4
  1474 | D:2      | Noticed Natasha
  1487 | D:2      | Killed Natasha
  1487 | D:2      | Reached XP level 5. HP: 34/34 MP: 5/5
  1928 | D:2      | Noticed Natasha
  1944 | D:2      | Killed Natasha
  2246 | D:2      | Noticed Jessica
  2250 | D:2      | Killed Jessica
  2480 | D:3      | Reached XP level 6. HP: 28/40 MP: 6/6
  2595 | D:3      | Found a burning altar of Makhleb.
  2697 | D:3      | Reached skill level 6 in Short Blades
  3408 | D:4      | Got a warped dagger
  3409 | D:4      | Identified the +3 dagger "Estoqoewiu" {freeze, rF+ rC+ rN+
                  | Int-2} (You found it on level 4 of the Dungeon)
  3522 | D:4      | Reached *** piety under Trog
  3857 | D:4      | Found an opulent altar of Gozag.
  3859 | D:4      | You fall into a shaft and drop 1 floor!
  3859 | D:5      | Entered Level 5 of the Dungeon
  3868 | D:5      | Found a sacrificial altar of Ru.
  3881 | D:5      | Reached skill level 5 in Fighting
  3958 | D:5      | Found a stormy altar of Qazlal.
  3960 | D:5      | Noticed Grinder
  3975 | D:5      | Killed Grinder
  3975 | D:5      | Reached skill level 5 in Dodging
  3975 | D:5      | Reached XP level 7. HP: 44/44 MP: 7/7
  4010 | D:5      | Noticed Menkaure
  4024 | D:5      | Killed Menkaure
  4035 | D:5      | Found Etaitsua's Gadget Emporium.
  4118 | D:4      | Reached skill level 7 in Short Blades
  4252 | D:4      | Found a sparkling altar of Nemelex Xobeh.
  4384 | D:5      | Found an iron altar of Okawaru.
  4514 | D:5      | Reached XP level 8. HP: 51/51 MP: 8/8
  4848 | D:6      | Noticed Blork the orc
  4877 | D:6      | Killed Blork the orc
  5132 | D:6      | Reached skill level 8 in Short Blades
  5150 | D:6      | Found a staircase to the Ecumenical Temple.
  5165 | D:6      | Reached XP level 9. HP: 56/56 MP: 9/9
  5301 | D:6      | Noticed Prince Ribbit
  5309 | D:6      | Killed Prince Ribbit
  5440 | D:6      | Found a radiant altar of Vehumet.
  5592 | D:6      | Reached **** piety under Trog
  5699 | D:6      | Reached skill level 9 in Short Blades
  5775 | D:6      | Found an iron altar of Okawaru.
  5775 | D:6      | Noticed an oklob plant
  6272 | D:6      | Found a runed translucent door.
  6273 | D:6      | Noticed Crazy Yiuf
  6281 | D:6      | Killed Crazy Yiuf
  6628 | D:7      | Noticed Harold
  6647 | D:7      | Killed Harold
  6647 | D:7      | Reached skill level 10 in Short Blades
  6647 | D:7      | Reached skill level 5 in Armour
  6647 | D:7      | Reached XP level 10. HP: 65/65 MP: 10/10
  6722 | D:7      | Found a sand-covered staircase.
  6739 | Ossuary  | Entered an ossuary
  7284 | D:7      | Noticed a two-headed ogre
  7285 | D:7      | Noticed Killmatronix's ghost (novice DEFi)
  7286 | D:7      | Found a transporter.
  7652 | D:7      | Found a white marble altar of Elyvilon.
  7923 | D:8      | Noticed a two-headed ogre
  7933 | D:8      | Killed a two-headed ogre
  8088 | D:8      | Found a shattered altar of Ashenzari.
  8165 | D:8      | Reached ***** piety under Trog
  8636 | D:8      | Reached skill level 11 in Short Blades
  8668 | D:8      | Reached XP level 11. HP: 58/71 MP: 11/11
  9234 | D:9      | Reached skill level 10 in Dodging
  9294 | D:9      | Found a shimmering altar of Xom.
  9295 | D:9      | Found a hazy altar of Hepliaklqana.
  9923 | D:9      | Found a snail-covered altar of Cheibriados.
 10021 | D:10     | Entered Level 10 of the Dungeon
 10045 | D:10     | Found a staircase to the Orcish Mines.
 10046 | D:10     | Found Kaawoa's Armour Emporium.
 10284 | D:10     | Splashed by a jelly's acid

Illustrated notes

Levels and vault maps discovered:
D:1:      scummos_arrival_forest, layout_basic, serial_bayou_pond_a
D:2:      layout_basic, minmay_pentomino_t2, uniq_jessica, uniq_natasha
D:3:      layout_basic, makhleb_heckhound_becter
D:4:      layout_cave_pods, nemelex_xobeh_ov_fountains_minmay,
          overflow_temple_1_default
D:5:      layout_rooms, nicolae_overflow_crystal_walls,
          okawaru_ov_weapons_minmay, grunt_qazlal_sundering, serial_shops, shop,
          first_ration, saegor_snake_ambush, uniq_menkaure, uniq_grinder
D:6:      layout_basic, kennysheep_mini_moat, minmay_temple_entry_mist,
          lemuel_oklob_altar, uniq_prince_ribbit1, uniq_blork_the_orc,
          uniq_crazy_yiuf_cottage
D:7:      layout_basic, lemuel_doored_altar, nicolae_ossuary_entry_giza,
          gammafunk_ghost_smash, uniq_harold
D:8:      layout_cave_pools, old_standard_altar, blue_anna_alchemist
          [blue_anna_fruit_fields, blue_anna_fruit_fields], st_stairs_12
D:9:      layout_gridville, regret_index_temple_of_mockery, slow_altar_1
D:10:     layout_loops_ring, orc_david_3, serial_shops, shop, jiyva_altar_1,
          uniq_psyche

Skill      XL: |  1  2  3  4  5  6  7  8  9 10 11 |
---------------+----------------------------------+-----
Dodging        | 3 4 5 7 8 9 10 | 10.4
Fighting       | 4 5 6 8 9 |  9.9
Short Blades   | 5 6 7 8 10 11 | 11.5
Armour         | 2 3 5 6 |  6.7

Action                   |  1- 3 |  4- 6 |  7- 9 | 10-12 || total
-------------------------+-------+-------+-------+-------++-------
Melee: Short sword       |   119 |   122 |       |       ||   241
       Dagger            |       |   165 |   372 |   608 ||  1145
Throw: Throwing net      |       |       |       |     3 ||     3
Invok: Berserk           |     2 |     2 |    12 |     4 ||    20
       Trog's Hand       |       |       |       |     2 ||     2
Evoke: Wand              |       |       |       |     8 ||     8
  Use: Scroll            |       |     1 |       |    11 ||    12
       Potion            |       |       |       |     2 ||     2
 Stab: Sleeping          |     1 |       |       |       ||     1
       Held in net/web   |       |       |       |     1 ||     1
  Eat: Chunk             |    11 |    11 |    19 |    18 ||    59
Armor: Animal skin       |     9 |       |       |       ||     9
       Leather armour    |     2 |     7 |       |       ||     9
       Scale mail        |       |    18 |    36 |       ||    54
       Ring mail         |       |     9 |       |       ||     9
       Chain mail        |       |       |    25 |    89 ||   114
Dodge: Dodged            |    88 |   192 |   215 |   291 ||   786
